 Dungeon Sprint DCSS version 0.25-a0-1133-g93ebf73 (webtiles) character file.

Game seed: 12433277351635012154, levelgen mode: deterministic

92 Anno the Basher (level 4, -6/39 HPs)
             Began as a Minotaur Fighter on May 21, 2020.
             Mangled by a scorpion (8 damage)
             ... in the Dungeon (Sprint IX: "|||||||||||||||||||||||||||||").
             The game lasted 00:00:52 (159 turns).

Anno the Basher (Minotaur Fighter)                   Turns: 159, Time: 00:00:52

Health: -6/39      AC:  6    Str: 21    XL:     4   Next: 35%
Magic:  3/3        EV:  7    Int:  5    God:
Gold:   0          SH:  9    Dex: 10    Spells: 3/3 levels left

rFire    . . .     SeeInvis .   a - +0 flail
rCold    . . .     Gourm    .   c - +0 kite shield
rNeg     . . .     Faith    .   b - +0 scale mail
rPois    .         Spirit   .   (helmet restricted)
rElec    .         Reflect  .   (no cloak)
rCorr    .         Harm     .   (no gloves)
MR       .....     NoTele   +   (no boots)
Stlth    ..........             (no amulet)
HPRegen  0.13/turn              (no ring)
MPRegen  0.08/turn              (no ring)

@: lethally poisoned (-6 -> -9), berserk cooldown, hasted and slowed
A: retaliatory headbutt, horns 2
a: no special abilities


You were in the Dungeon.
You were not hungry.

You visited 1 branch

Inventory:

Hand Weapons
 a - a +0 flail (weapon)
Armour
 b - a +0 scale mail (worn)
 c - a +0 kite shield (worn)
Scrolls
 k - a scroll of blinking
Potions
 d - a potion of might
 e - a potion of curing
 g - a potion of heal wounds
 i - 2 potions of magic
Comestibles
 f - a ration
 l - a chunk of flesh


   Skills:
 - Level 3.6 Fighting
 + Level 10.5 Maces & Flails
 - Level 3.6 Armour
 - Level 3.6 Shields


You had 3 spell levels left.
You didn't know any spells.
Your spell library was empty.

Dungeon Overview and Level Annotations

Branches:
Dungeon (1/1)

Altars:


Innate Abilities, Weirdness & Mutations

You reflexively headbutt those who attack you in melee.
You have a pair of horns on your head.


Message History

You thump the adder!
You kill the adder!
You feel sick.
The orc wizard points at you and mumbles some strange words.
The magic dart hits you.
The orc wizard points at you and mumbles some strange words.
The magic dart hits you.
You feel yourself speed up.
You feel sick. You block the orc wizard's attack.
The scorpion barely misses you. The orc wizard casts a spell at you.
The magic dart hits you. The scorpion stings you!
* * * LOW HITPOINT WARNING * * *
You block the orc wizard's attack.
You closely miss the scorpion. You headbutt the scorpion!
The scorpion is heavily wounded.
The orc wizard gestures at you while chanting.
The magic dart hits you!
* * * LOW HITPOINT WARNING * * *
The scorpion stings you!
You die...

▓+▓
▓.▓
▓.▓
▓.▓
▓s▓
▓@▓
▓o▓
▓.▓
▓.▓
▓.▓
▓.▓
▓)▓
▓)▓
▓.▓


You could see a scorpion and an orc wizard (fast).

Vanquished Creatures
  A howler monkey (D)
  A crimson imp (D)
  An adder (D)
  A dart slug (D)
  2 goblins (D)
  2 hobgoblins (D)
8 creatures vanquished.

Notes
Turn   | Place    | Note
-------+----------+-------------------------------------------
     0 | D        | Anno the Minotaur Fighter began the quest for the Orb.
     0 | D        | Reached XP level 1. HP: 19/19 MP: 0/0
     8 | D        | Reached skill level 3 in Maces & Flails
    12 | D        | Reached skill level 4 in Maces & Flails
    16 | D        | Reached skill level 5 in Maces & Flails
    18 | D        | Reached XP level 2. HP: 16/26 MP: 1/1
   133 | D        | Noticed a scorpion
   133 | D        | Noticed a crimson imp
   133 | D        | Noticed a howler monkey
   138 | D        | Killed a howler monkey
   138 | D        | Reached skill level 8 in Maces & Flails
   138 | D        | Reached XP level 3. HP: 31/31 MP: 2/2
   142 | D        | Reached skill level 10 in Maces & Flails
   142 | D        | Reached XP level 4. HP: 39/39 MP: 3/3
   159 | D        | Mangled by a scorpion

Illustrated notes

Levels and vault maps discovered:
D:        linesprint [early_d, line_temple, items_1, d_10, items_2, lair_1,
          lair_end, items_3, orc_1, orc_end, items_4, d_15, swamp_1, shoals_1,
          snake_1, spider_1, d_20, vaults_1, items_5, swamp_end, shoals_end,
          snake_end, spider_end, vaults_end, d_27, items_6, zot_1, zot_end,
          crypt_end, forest_end, elf_end, slime_end, tomb_end, abyss_end,
          pan_hell_end]

Skill      XL: |  1  2  3 |
---------------+----------+-----
Maces & Flails | 5 8 10 | 10.5
Fighting       | |  3.6
Armour         | |  3.6
Shields        | |  3.6

Action                   |  1- 3 |  4- 6 || total
-------------------------+-------+-------++-------
Melee: Flail             |    22 |    11 ||    33
       Headbutt          |     1 |     1 ||     2
  Use: Potion            |     1 |     1 ||     2
Armor: Scale mail        |     7 |    11 ||    18
Dodge: Dodged            |     4 |     2 ||     6
Block: Kite shield       |     3 |     4 ||     7

Table legend:
 A = Non-vault XP
 B = Vault XP
 C = Vault XP percentage of total XP
 D = Non-vault monster count
 E = Vault monster count
 F = Vault count percentage of total count
                 A         B        C        D         E       F
            +---------+---------+-------+---------+---------+-------
      Total |       0 |     132 | 100.0 |       0 |       8 | 100.0
            +---------+---------+-------+---------+---------+-------
          D |       0 |     132 | 100.0 |       0 |       8 | 100.0
            +---------+---------+-------+---------+---------+-------
